 Dungeon Crawl Stone Soup version 0.23.2-40-g277498a001 (webtiles) character file.

Game seed: 4334784276975236906

102 Destapler the Skirmisher (level 4, -3/49 HPs)
             Began as an Ogre Hunter on Aug 12, 2019.
             Was an Initiate of Zin.
             Slain by an orc
             ... wielding a +1 flail of protection
              (11 damage)
             ... on level 4 of the Dungeon.
             The game lasted 00:14:53 (3369 turns).

Destapler the Skirmisher (Ogre Hunter)              Turns: 3369, Time: 00:14:54

Health: -3/49      AC:  7    Str: 17    XL:     4   Next: 77%
Magic:  4/4        EV: 11    Int: 12    God:    Zin [......]
Gold:   78         SH:  0    Dex: 13    Spells: 3/3 levels left

rFire    . . .     SeeInvis .   y - +0 bardiche
rCold    . . .     Gourm    .   (shield currently unavailable)
rNeg     . . .     Faith    .   b - +0 robe
rPois    .         Spirit   .   (helmet restricted)
rElec    .         Reflect  .   n - +0 cloak
rCorr    .         Harm     .   (gloves unavailable)
MR       .....                  (boots unavailable)
Stlth    ++........             (no amulet)
HPRegen  0.16/turn              t - +4 ring of dexterity
MPRegen  0.09/turn              r - +3 ring of protection

@: hasted, very quick
A: large, unfitting armour, tough skin 1
a: Donate Gold, Renounce Religion


You were on level 4 of the Dungeon.
You worshipped Zin.
Zin was noncommittal.
You were hungry.

You visited 1 branch of the dungeon, and saw 4 of its levels.

You collected 86 gold pieces.
You donated 8 gold pieces to Zin.

Inventory:

Hand Weapons
 a - a +0 short sword
 y - a +0 bardiche (weapon)
Missiles
 c - 5 large rocks
 d - 2 throwing nets
 l - 91 stones (quivered)
Armour
 b - a +0 robe (worn)
 n - a +0 cloak (worn)
Jewellery
 e - an uncursed ring of ice
 r - a +3 ring of protection (right hand)
 t - a +4 ring of dexterity (left hand)
Scrolls
 g - 2 scrolls of amnesia {unknown}
 i - 3 scrolls of enchant armour {unknown}
 k - 3 scrolls of blinking {unknown}
 m - a scroll of remove curse {unknown}
 p - a scroll of fog {unknown}
 q - a scroll of identify {unknown}
 w - a scroll of enchant weapon {unknown}
 z - a scroll of teleportation {unknown}
Potions
 u - 2 potions of curing
Comestibles
 f - 3 rations


   Skills:
 + Level 4.7 Fighting
 * Level 0.6 Polearms
 - Level 4.0 Throwing
 + Level 3.2 Dodging
 + Level 0.7 Stealth


You had 3 spell levels left.
You didn't know any spells.
Your spell library was empty.

Dungeon Overview and Level Annotations

Branches:
Dungeon (4/15)
 Temple: D:4-7

Altars:
Uskayaw
Zin

Annotations:
D:4 Pikel


Innate Abilities, Weirdness & Mutations

You are too large for most types of armour.
You have tough skin. (AC +1)


Message History

You feel a little less mighty now.
Your resistance to elements expires.
Pikel closely misses you.
It was a potion of curing.
You feel better.
Pikel hits you with a +0 whip of freezing!
* * * LOW HITPOINT WARNING * * *
Pikel freezes you.
* * * LOW HITPOINT WARNING * * *
It was a potion of haste.
You feel yourself speed up.
Pikel hits you with a +0 whip of freezing.
* * * LOW HITPOINT WARNING * * *
Pikel freezes you.
* * * LOW HITPOINT WARNING * * *
You barely miss Pikel.
Pikel is lightly wounded.
Pikel completely misses you.
An orc comes into view.
It is wielding a +1 flail of protection.
The orc shouts!
You barely miss the orc.
The orc hits you with a +1 flail of protection!
You die...

.......####....p(#
######## ##...#.#
##.##p# #.##p#
#.##.# #.##p#
#.##K# #.##.# #@#
#o# #.# ... ...
..... .....
......### #.


You could see Pikel, 3 slaves and an orc.

Vanquished Creatures
  A worker ant (D:3)
  2 adders
  2 worms (D:3)
  A leopard gecko (D:2)
  5 orcs (D:4)
  A ball python (D:3)
  A giant cockroach (D:1)
  4 goblins
  2 hobgoblins
  3 jackals (D:1)
  7 kobolds
  A quokka (D:3)
  8 bats
  2 frilled lizards (D:2)
  A quokka skeleton (D:4)
  7 rats
48 creatures vanquished.

Notes
Turn   | Place    | Note
-------+----------+-------------------------------------------
     0 | D:1      | Destapler the Ogre Hunter began the quest for the Orb.
     0 | D:1      | Reached XP level 1. HP: 22/22 MP: 1/1
   419 | D:1      | Reached XP level 2. HP: 21/31 MP: 2/2
  1155 | D:2      | Reached XP level 3. HP: 31/39 MP: 3/3
  1462 | D:2      | You fall through a shaft!
  1474 | D:3      | Found a hide-covered altar of Uskayaw.
  1474 | D:3      | Found a glowing silver altar of Zin.
  1487 | D:3      | Became a worshipper of Zin the Law-Giver
  1603 | D:3      | Reached * piety under Zin
  1907 | D:3      | Reached XP level 4. HP: 42/49 MP: 4/4
  3331 | D:4      | Noticed a slave
  3331 | D:4      | Noticed a slave
  3331 | D:4      | Noticed a slave
  3338 | D:4      | Noticed a slave
  3339 | D:4      | Noticed Pikel
  3369 | D:4      | Slain by an orc

Skill      XL: |  1  2  3 |
---------------+----------+-----
Fighting       | 3 4 |  4.7
Dodging        | 2 3 |  3.2
Polearms       | |  0.6
Throwing       | |  4.0
Stealth        | |  0.7

Action                   |  1- 3 |  4- 6 || total
-------------------------+-------+-------++-------
Melee: Whip              |    18 |       ||    18
       Short sword       |   103 |    32 ||   135
       Bardiche          |       |    48 ||    48
Throw: Stone             |     4 |       ||     4
       Large rock        |     4 |     7 ||    11
  Use: Potion            |       |     7 ||     7
 Stab: Invisible         |       |     1 ||     1
       Sleeping          |       |     1 ||     1
  Eat: Chunk             |     2 |     2 ||     4
       Ration            |       |     1 ||     1
Armor: Robe              |    57 |    52 ||   109
Dodge: Dodged            |    92 |    87 ||   179
